 Dungeon Crawl Stone Soup version 0.21.1-1-g345015fe64 (webtiles) character file.

81 Jyngge the Covered (level 4, -6/40 HPs)
             Began as a Minotaur Fighter on June 24, 2018.
             Mangled by barcollo's ghost (11 damage)
             ... on level 3 of the Dungeon.
             The game lasted 00:06:05 (1380 turns).

Jyngge the Covered (Minotaur Fighter)               Turns: 1380, Time: 00:06:06

Health: -6/40      AC:  7    Str: 24    XL:     4   Next: 20%
Magic:  3/3        EV:  7    Int:  5    God:
Gold:   138        SH: 10    Dex: 10    Spells: 3/3 levels left

rFire    . . .     SeeInvis .   r - +0 hand axe (venom)
rCold    . . .     Gourm    .   c - +0 shield
rNeg     . . .     Faith    .   n - +0 scale mail "Quro" {Str+3}
rPois    .         Spirit   .   (helmet restricted)
rElec    .         Reflect  .   (no cloak)
rCorr    .         Harm     .   (no gloves)
MR       .....                  (no boots)
Stlth    ..........             (no amulet)
HPRegen  0.13/turn              (no ring)
MPRegen  0.08/turn              (no ring)

@: no status effects
A: retaliatory headbutt, horns 2
a: no special abilities


You were on level 3 of the Dungeon.
You were hungry.

You visited 1 branch of the dungeon, and saw 3 of its levels.

You collected 138 gold pieces.

Inventory:

Hand Weapons
 a - a +0 war axe
 r - a +0 hand axe of venom (weapon)
Armour
 b - a +0 scale mail
 c - a +0 shield (worn)
 l - a cursed +0 leather armour
 n - the +0 scale mail "Quro" (worn) {Str+3}
   (You found it on level 1 of the Dungeon)

   It affects your strength (+3).
Jewellery
 e - an uncursed amulet of rage {unknown}
 i - an uncursed ring of stealth {unknown}
Scrolls
 k - a scroll of identify {unknown}
 m - a scroll of vulnerability {unknown}
 o - a scroll of amnesia {unknown}
 p - a scroll of blinking {unknown}
 q - a scroll of remove curse {unknown}
 t - a scroll of noise {unknown}
 u - a scroll of teleportation {unknown}
Potions
 d - a potion of might
 h - a potion of invisibility {unknown}
 j - a potion of haste {unknown}
 s - a potion of degeneration {unknown}
Comestibles
 f - 6 rations


   Skills:
 + Level 4.0 Fighting
 + Level 3.4 Axes
 + Level 4.5 Armour
 - Level 0.1 Dodging
 * Level 0.4 Stealth
 + Level 4.4 Shields


You had 3 spell levels left.
You didn't know any spells.

Dungeon Overview and Level Annotations

Branches:
Dungeon (3/15)

Altars:

Annotations:
D:3 barcollo's ghost, amateur MiBe


Innate Abilities, Weirdness & Mutations

You reflexively headbutt those who attack you in melee.
You have a pair of horns on your head.


Message History

Barcollo's ghost hits you but does no damage.
You hit barcollo's ghost.
Barcollo's ghost is severely damaged.
Barcollo's ghost hits you but does no damage.
You barely miss barcollo's ghost. You headbutt barcollo's ghost.
Barcollo's ghost is almost destroyed.
Barcollo's ghost hits you!
* * * LOW HITPOINT WARNING * * *
You hit barcollo's ghost but do no damage.
Your headbutt misses barcollo's ghost.
Barcollo's ghost is almost destroyed.
Barcollo's ghost screams in joy, "As in life, so in death: Kill!
Kill!!
Kill!!!"
Barcollo's ghost hits you.
* * * LOW HITPOINT WARNING * * *
You hit barcollo's ghost but do no damage.
Barcollo's ghost is almost destroyed.
Barcollo's ghost hits you.
* * * LOW HITPOINT WARNING * * *
Barcollo's ghost hits you!
You die...

### ...### #.#.# ...#
. #.############.
....###......).......
#.......W@#######..
...##.#.##..#
......#.....
##...####.#### .....
..# ....(l #.# ####.#
#.# .. #..


You could see barcollo's ghost.

Vanquished Creatures
  3 adders
  A dart slug (D:2)
  3 leopard geckos
  5 bats
  2 giant cockroaches
  9 goblins
  4 hobgoblins (D:1)
  5 kobolds
  2 quokkas (D:2)
  A ball python (D:2)
  7 frilled lizards
  7 rats
49 creatures vanquished.

Notes
Turn   | Place    | Note
-------+----------+-------------------------------------------
     0 | D:1      | Jyngge the Minotaur Fighter began the quest for the Orb.
     0 | D:1      | Reached XP level 1. HP: 19/19 MP: 0/0
   170 | D:1      | Reached XP level 2. HP: 27/27 MP: 1/1
   572 | D:1      | Reached XP level 3. HP: 32/33 MP: 2/2
   763 | D:1      | Got a transparent scale mail
   776 | D:1      | Identified the +0 scale mail "Quro" {Str+3} (You found it on level 1 of the Dungeon)
  1318 | D:2      | Reached XP level 4. HP: 40/40 MP: 3/3
  1345 | D:3      | Noticed barcollo's ghost (amateur MiBe)
  1380 | D:3      | Mangled by barcollo's ghost

Skill      XL: |  1  2  3 |
---------------+----------+-----
Armour         | 4 |  4.5
Shields        | 4 |  4.4
Axes           | 3 |  3.4
Fighting       | 4 |  4.0
Dodging        | |  0.1
Stealth        | |  0.4

Action                   |  1- 3 |  4- 6 || total
-------------------------+-------+-------++-------
Melee: War axe           |    87 |       ||    87
       Headbutt          |    10 |     7 ||    17
       Hand axe          |    15 |    37 ||    52
  Eat: Chunk             |     1 |       ||     1
Armor: Scale mail        |    58 |    11 ||    69
Dodge: Dodged            |    27 |    12 ||    39
Block: Shield            |    66 |    22 ||    88
